AoeStats
← COCOTVNC

Lombardia

509449973Analyzed
3v3 RM · 5d ago on Sep 26, 2026· 28m 32s· 6 players
Game mode
Random Map
Map size
Normal (6 player)
Population
200
Speed
Normal
Resources
Standard
Victory
Conquest
Starting age
Dark Age
Ending age
Imperial Age
RankedLock teamsTeams togetherTeam positionsShared explorationLock speedFull tech treeHidden civsTurbo modeCheats
Victory
Defeat
🇳🇿 Britons · New Zealand
1216
+13
🇮🇪 Persians · Ireland
1196
+14
🇨🇴 Magyars · Colombia
1128
+17
🇫🇷 Varangians · France
1222
-17
🇫🇷 Britons · France
1154
-15
🇫🇷 Spanish · France
1083
-12
Langley^
6:54 Loom
9:36 Feudal Age
15:10 Scale Barding Armor
15:16 Forging
21:48 Castle Age
25:32 Bloodlines
25:22 Husbandry
25:34 Husbandry
26:42 Chain Barding Armor
DarkAndrox
3:06 Loom
12:31 Feudal Age
13:09 Double-Bit Axe
13:17 Horse Collar
20:36 Castle Age
21:07 Bloodlines
23:12 Bow Saw
25:16 Heavy Plow
24:47 Light Cavalry
27:20 Wheelbarrow
27:01 Stone Mining
28:45 Hand Cart
SoulStrider6763
9:39 Feudal Age
9:56 Loom
10:26 Double-Bit Axe
11:46 Horse Collar
20:50 Castle Age
18:51 Fletching
22:37 Bodkin Arrow
22:42 Padded Archer Armor
23:50 Wheelbarrow
23:00 Town Watch
24:13 Gold Mining
25:46 Hand Cart
26:08 Bow Saw
COCOTVNC
6:53 Loom
9:44 Feudal Age
11:31 Double-Bit Axe
13:07 Fletching
14:35 Horse Collar
23:34 Castle Age
24:27 Bodkin Arrow
23:54 Crossbowman
25:25 Padded Archer Armor
26:49 Ballistics
K1ller401
6:14 Loom
9:12 Feudal Age
9:51 Double-Bit Axe
9:48 Horse Collar
12:33 Bloodlines
14:38 Scale Barding Armor
18:23 Wheelbarrow
22:21 Castle Age
20:23 Gold Mining
23:28 Bow Saw
23:20 Heavy Plow
25:11 Forging
25:11 Husbandry
27:19 Hand Cart
FyzhoSlow
7:10 Loom
7:27 Loom
10:00 Feudal Age
10:46 Double-Bit Axe
12:46 Fletching
20:35 Horse Collar
23:48 Castle Age
Connection lost

Rejoining the realm…

Still unreachable

The connection could not be restored.

Session expired

The server has moved on; the page needs a fresh start.